 Dungeon Crawl Stone Soup version 0.30.0-5-g1a98f26d00 (webtiles) character file.

Game seed: 2769416761640300085

4669 Woods the Basher (level 10, -2/80 HPs)
             Began as a Gnoll Reaver on May 9, 2023.
             Was a Follower of Ashenzari.
             Slain by a hornet (8 damage)
             ... while paralysed by a hornet
             ... on level 8 of the Dungeon.
             The game lasted 00:38:34 (12817 turns).

Woods the Basher (Gnoll Reaver)                    Turns: 12817, Time: 00:38:35

Health: -2/80      AC: 10    Str: 12    XL:     10   Next: 44%
Magic:  22/22      EV:  2    Int: 17    God:    Ashenzari [*.....]
Gold:   426        SH:  0    Dex: 10    Spells: 10/25 levels left

rFire   . . .        E - +3 trident
rCold   . . .        (no shield)
rNeg    . . .        p - +0 ring mail
rPois   .            g - +2 hat "Behold Eternity" {Elem, Range} (curse)
rElec   .            (no cloak)
rCorr   .            x - +0 pair of gloves
SInv    +            K - +0 pair of boots
Will    .....        u - amulet "Share My Oracle" {Reflect SH+5, Self, Elem} (curse)
Stlth   ++           y - ring of see invisible
HPRegen 0.33/turn    (no ring)
MPRegen 0.18/turn

%: reflection
@: paralysed, lethally poisoned (-2 -> -9), slowed
A: fangs 1, strong nose, distributed training
a: Renounce Religion, Curse Item, Shatter the Chains


You were on level 8 of the Dungeon.
You worshipped Ashenzari.
Ashenzari was aware of your devotion.
You visited 2 branches of the dungeon, and saw 9 of its levels.
You also visited: Sewer.

You collected 481 gold pieces.
You spent 55 gold pieces at shops.

Inventory:

Hand Weapons
 a - a +0 mace
 r - a +3 scimitar of flaming
 D - a +3 long sword of freezing
 E - a +3 trident (weapon)
Missiles
 J - 2 throwing nets
Armour
 b - a +0 leather armour
 g - the cursed +2 hat "Behold Eternity" (worn) {Elem, Range}
   (You found it on level 1 of the Dungeon)

   It has a curse which improves the following skills: Elements: Fire Magic, Ice
   Magic, Air Magic and Earth Magic.
   Ranged Combat: Ranged Weapons and Throwing.
 l - a +0 plate armour
 p - a +0 ring mail (worn)
 x - a +0 pair of gloves (worn)
 K - a +0 pair of boots (worn)
 M - a +0 chain mail
Magical Staves
 z - a staff of conjuration
Jewellery
 u - the cursed amulet "Share My Oracle" (around neck) {Reflect SH+5, Self, Elem}
   (You found it on level 3 of the Dungeon)

   [amulet of reflection]

   It reflects blocked missile attacks.
   SH:        It affects your SH (+5).
   It has a curse which improves the following skills: Introspection: Fighting
   and Spellcasting.
   Elements:  Fire Magic, Ice Magic, Air Magic and Earth Magic.
 y - a ring of see invisible (left hand)
 H - an amulet of guardian spirit
 I - a ring of ice
Wands
 q - a wand of charming (11)
 F - a wand of roots (22)
 G - a wand of digging (3)
 L - a wand of flame (15)
Scrolls
 c - a scroll of magic mapping
 d - a scroll of amnesia
 e - 2 scrolls of blinking
 f - 3 scrolls of enchant weapon
 h - 2 scrolls of teleportation
 k - 2 scrolls of summoning
 m - 2 scrolls of silence
 o - 5 scrolls of enchant armour
 s - a scroll of fog
 t - 2 scrolls of poison
Potions
 i - 2 potions of heal wounds
 j - 3 potions of brilliance
 n - 3 potions of curing
 v - 3 potions of flight
 w - 3 potions of mutation
 A - 2 potions of might
 B - a potion of resistance
 C - a potion of cancellation


   Skills:
 + Level 7.2(8.0) Fighting
 + Level 5.5 Short Blades
 + Level 5.5 Long Blades
 + Level 5.5 Axes
 + Level 8.6 Maces & Flails
 + Level 5.5 Polearms
 + Level 5.5 Staves
 + Level 5.5(6.2) Ranged Weapons
 + Level 5.5(6.2) Throwing
 + Level 5.5 Armour
 + Level 7.2 Dodging
 + Level 5.5 Stealth
 + Level 5.5 Shields
 + Level 5.5 Unarmed Combat
 + Level 7.5(8.3) Spellcasting
 + Level 7.2 Conjurations
 + Level 4.5 Hexes
 + Level 4.5 Summonings
 + Level 4.5 Necromancy
 + Level 4.5 Translocations
 + Level 4.5 Transmutations
 + Level 4.5(5.6) Fire Magic
 + Level 4.5(5.6) Ice Magic
 + Level 4.5(5.6) Air Magic
 + Level 4.5(5.6) Earth Magic
 + Level 4.5 Poison Magic
 + Level 6.0 Invocations
 + Level 5.5 Evocations


You had 10 spell levels left.
You knew the following spells:

 Your Spells              Type           Power      Damage    Failure   Level
a - Kiss of Death         Conj/Necr      100%       2d13      1%          1
b - Momentum Strike       Conj/Tloc      54%        3d9       2%          2
c - Searing Ray           Conj           62%        2d6       1%          2
d - Hailstorm             Conj/Ice       29%        3d8       4%          3
e - Swiftness             Air            26%        N/A       6%          3
f - Airstrike             Air            13%        2d(2-18)  21%         4

Your spell library contained the following spells:

 Spells                   Type           Power      Damage    Failure   Level
 Magic Dart               Conj           100%       1d8       1%          1
 Shock                    Conj/Air       100%       1d9       1%          1
 Sublimation of Blood     Necr           22%        N/A       4%          2
 Fulminant Prism          Conj/Hex       13%        3d9       19%         4
 Petrify                  Tmut/Erth      24%        N/A       26%         4
 Irradiate                Conj/Tmut      13%        3d16      45%         5


Dungeon Overview and Level Annotations

Branches:
Dungeon (8/15)             Temple (1/1) D:5           Sewer (visited)
   Lair: D:8-11

Altars:
Ashenzari
Cheibriados
Dithmenos
Elyvilon
Fedhas
Gozag
Hepliaklqana
Kikubaaqudgha
Makhleb
Nemelex Xobeh
Okawaru
Qazlal
Sif Muna
Trog
Uskayaw
Vehumet
Wu Jian
Xom
Yredelemnul
Zin
The Shining One

Shops:
D:2 ?   D:3 *

Annotations:
D:3 Grinder
D:4 Eustachio


Innate Abilities, Weirdness & Mutations

You have very sharp teeth.
Your uncanny sense of smell can sniff out nearby items.
Your experience applies equally to all skills.


Message History

You are lethally poisoned!
You feel as though you will be slow longer.
You block the hornet's attack.
You feel better. The hornet stings you.
* * * LOW HITPOINT WARNING * * *
You feel as though you will be slow longer.
The hornet closely misses you.
Aiming: Throw Flame
Press: ? - help, Shift-Dir - straight line, f/p - hornet
Aim: a hornet (severely wounded, 60% to hit)
The puff of flame misses the hornet.
The hornet closely misses you. The hornet misses you.
Aiming: Throw Flame
Press: ? - help, Shift-Dir - straight line, f/p - hornet
Aim: a hornet (severely wounded, 60% to hit)
The puff of flame hits the hornet.
The hornet is severely wounded.
The hornet stings you but does no damage.
The hornet closely misses you. The hornet barely misses you.
Aiming: Throw Flame
Press: ? - help, Shift-Dir - straight line, f/p - hornet
Aim: a hornet (severely wounded, 60% to hit)
The puff of flame hits the hornet.
The hornet is severely wounded.
The hornet stings you but does no damage.
The hornet closely misses you.
Aiming: Throw Flame
Press: ? - help, Shift-Dir - straight line, f/p - hornet
Aim: a hornet (severely wounded, 60% to hit)
The puff of flame hits the hornet but does no damage.
The hornet is severely wounded.
The hornet stings you but does no damage.
The hornet stings you!
* * * LOW HITPOINT WARNING * * *
You are lethally poisoned!
You suddenly lose the ability to move!
* * * LOW HITPOINT WARNING * * *
You feel very sick. The hornet stings you!
You die...

#.#..##.# #....##.# #...#
##.#.##.# #...# # #......# ...#
#≈≈≈ ≈≈.# ##.#.##.#
...####≈#####≈.#
.....##.#######......≈#≈≈≈#≈.##
##.##...........#
...≈#≈_≈#≈..##
#.......##.###.##.#.≈#≈.≈#≈....
#.......##....y@..#.≈##.##≈.#
##.#.##.#####[..###.≈≈≈.≈≈≈##
##.#.##..)[<)...###.......[.#
#......=#####.......≈≈≈.≈≈≈.#
#.>#.##.# ##.#####≈##.##≈.#
#.......# ###.### #≈#≈.≈#≈.#
#.##.##.# #.....# #≈#≈_≈#≈.#
#.##.##.# #.....# #≈#≈≈≈#≈##
#.......# #.....# #≈#####≈#


You could see a hornet.

Vanquished Creatures
  Erica (D:8)
  2 water moccasins (D:5)
  A black bear (D:5)
  2 ice beasts (D:7)
  3 orc warriors
  3 ogres
  A centaur (D:6)
  2 phantoms
  2 kobold brigands (D:8)
  6 bullfrogs
  3 scorpions (D:5)
  9 wights
  6 killer bees
  4 howler monkeys (D:7)
  2 jellies
  6 orc priests
  5 hounds
  2 iguanas
  A gnoll bouda (D:5)
  3 sleepcaps
  Natasha (D:3)
  9 orc wizards
  9 adders
  3 gnolls (D:5)
  10 river rats (Sewer)
  A shadow imp (D:5)
  3 white imps
  3 ufetubi
  2 worms (D:2)
  2 dart slugs
  22 orcs
  17 ball pythons
  4 bats
  8 endoplasms
  2 giant cockroaches
  6 goblins
  3 hobgoblins
  10 jackals
  3 quokkas
  6 frilled lizards
  32 kobolds
  27 rats
247 creatures vanquished.

Vanquished Creatures (others)
  An orc priest (D:5)
  An orc (D:8)
2 creatures vanquished.

Grand Total: 249 creatures vanquished

Notes
Turn   | Place    | Note
-------+----------+-------------------------------------------
     0 | D:1      | Woods the Gnoll Reaver began the quest for the Orb.
     0 | D:1      | Reached XP level 1. HP: 20/20 MP: 6/6
   215 | D:1      | Reached XP level 2. HP: 24/26 MP: 7/7
   334 | D:1      | Learned a level 2 spell: Momentum Strike
  1015 | D:2      | Reached skill level 5 in Spellcasting
  1015 | D:2      | Reached XP level 3. HP: 31/31 MP: 7/9
  1237 | D:2      | Reached skill level 1 in Invocations
  1351 | D:2      | Reached skill level 1 in Short Blades
  1351 | D:2      | Reached skill level 1 in Long Blades
  1351 | D:2      | Reached skill level 1 in Axes
  1351 | D:2      | Reached skill level 1 in Polearms
  1351 | D:2      | Reached skill level 1 in Staves
  1351 | D:2      | Reached skill level 1 in Ranged Weapons
  1351 | D:2      | Reached skill level 1 in Throwing
  1351 | D:2      | Reached skill level 1 in Armour
  1351 | D:2      | Reached skill level 1 in Stealth
  1351 | D:2      | Reached skill level 1 in Shields
  1351 | D:2      | Reached skill level 1 in Unarmed Combat
  1351 | D:2      | Reached skill level 1 in Evocations
  1419 | D:2      | Reached XP level 4. HP: 38/38 MP: 11/11
  1570 | D:2      | Found Poitacai's Magic Scroll Shop.
  1573 | D:2      | Bought a scroll of teleportation for 33 gold pieces
  1573 | D:2      | Bought a scroll of identify for 22 gold pieces
  1802 | D:3      | Found Sosonayt's Assorted Antiques.
  1818 | D:3      | Reached skill level 1 in Hexes
  1818 | D:3      | Reached skill level 1 in Summonings
  1818 | D:3      | Reached skill level 1 in Necromancy
  1818 | D:3      | Reached skill level 1 in Translocations
  1818 | D:3      | Reached skill level 1 in Transmutations
  1818 | D:3      | Reached skill level 1 in Fire Magic
  1818 | D:3      | Reached skill level 1 in Ice Magic
  1818 | D:3      | Reached skill level 1 in Air Magic
  1818 | D:3      | Reached skill level 1 in Earth Magic
  1818 | D:3      | Reached skill level 1 in Poison Magic
  2000 | D:3      | Noticed Natasha
  2017 | D:3      | Killed Natasha
  2018 | D:3      | Reached XP level 5. HP: 19/43 MP: 12/12
  2323 | D:3      | Noticed Grinder
  2328 | D:3      | Paralysed by Grinder for 4 turns
  2512 | D:3      | Identified the +5 sling "Riwa Tech" {drain, rPois Will+}
  2531 | D:3      | Learned a level 2 spell: Searing Ray
  2802 | D:4      | Found a glowing drain.
  2832 | Sewer    | Entered a sewer
  2949 | Sewer    | Reached XP level 6. HP: 38/50 MP: 13/13
  3105 | Sewer    | Reached skill level 5 in Fighting
  3105 | Sewer    | Reached skill level 5 in Dodging
  3913 | D:4      | Noticed Eustachio
  4025 | D:4      | Learned a level 3 spell: Hailstorm
  4128 | D:4      | Reached skill level 7 in Maces & Flails
  4128 | D:4      | Reached XP level 7. HP: 30/56 MP: 10/15
  4873 | D:5      | Entered Level 5 of the Dungeon
  4878 | D:5      | Found a staircase to the Ecumenical Temple.
  4895 | Temple   | Entered the Ecumenical Temple
  4969 | Temple   | Became a worshipper of Ashenzari the Shackled
  5174 | D:5      | Reached XP level 8. HP: 57/63 MP: 16/16
  5589 | D:5      | Found a sparkling altar of Nemelex Xobeh.
  5824 | D:5      | Found a white marble altar of Elyvilon.
  6106 | D:5      | Found a glowing silver altar of Zin.
  7093 | D:6      | Found a basalt altar of Yredelemnul.
  7268 | D:6      | Reached XP level 9. HP: 69/69 MP: 18/18
  8123 | D:6      | Reached * piety under Ashenzari
  8599 | D:7      | Found a glowing golden altar of the Shining One.
  8714 | D:7      | Reached skill level 8 in Maces & Flails
  8927 | D:7      | Learned a level 3 spell: Swiftness
  8932 | D:7      | Learned a level 4 spell: Airstrike
  9146 | D:7      | Reached skill level 5 in Invocations
 11041 | D:8      | Noticed a hornet
 11151 | D:8      | Reached skill level 5 in Short Blades
 11151 | D:8      | Reached skill level 5 in Long Blades
 11151 | D:8      | Reached skill level 5 in Axes
 11151 | D:8      | Reached skill level 5 in Polearms
 11151 | D:8      | Reached skill level 5 in Staves
 11151 | D:8      | Reached skill level 5 in Ranged Weapons
 11151 | D:8      | Reached skill level 5 in Throwing
 11151 | D:8      | Reached skill level 5 in Armour
 11151 | D:8      | Reached skill level 5 in Stealth
 11151 | D:8      | Reached skill level 5 in Shields
 11151 | D:8      | Reached skill level 5 in Unarmed Combat
 11151 | D:8      | Reached skill level 5 in Evocations
 11151 | D:8      | Reached XP level 10. HP: 67/80 MP: 21/21
 11358 | D:8      | Noticed a two-headed ogre
 11546 | D:8      | Found a hide-covered altar of Uskayaw.
 11546 | D:8      | Found an opulent altar of Gozag.
 11548 | D:8      | Noticed Erica
 11572 | D:8      | Killed Erica
 12806 | D:8      | Paralysed by a hornet for 3 turns
 12816 | D:8      | Paralysed by a hornet for 3 turns
 12817 | D:8      | Slain by a hornet

Illustrated notes

Levels and vault maps discovered:
D:1:      lordsloth_arrival_two_stooges, layout_basic
D:2:      layout_basic, serial_rivers, chequers_serial_rivers_micro_a,
          chequers_serial_rivers_micro_e, chequers_serial_rivers_marsh,
          chequers_serial_rivers_small_3, chequers_serial_rivers_small_a,
          chequers_serial_rivers_marsh, serial_shops, nicolae_shop_rolled_up
D:3:      wander_river, layout_rooms, serial_shops, nicolae_shop_peninsula,
          uniq_grinder, uniq_natasha
D:4:      layout_loops_ring, cheibrodos_sewer_entry_drain, uniq_eustachio
D:5:      layout_basic, mainiacjoe_overflow_boulevard,
          mainiacjoe_overflow_cross_hatched, mainiacjoe_overflow_paths,
          minmay_temple_entry_sparse_star, serial_corexii_hall,
          chequers_hall_statues_wall_a, corexii_hall_statues_x,
          minmay_misc_feat_pillars
D:6:      layout_rooms, mainiacjoe_overflow_brackets, minmay_quadrilaterals
D:7:      layout_layer_cave, mainiacjoe_overflow_surrounded_room,
          minmay_misc_feat_encased, chequers_serial_rivers_small_3,
          grunt_ministairs_5
D:8:      layout_loops_cross, nicolae_overflow_two_pavilions, uniq_pikel,
          uniq_erica
Temple:   nicolae_temple_two_arcs

Skill      XL: |  1  2  3  4  5  6  7  8  9 10 |
---------------+-------------------------------+-----
Spellcasting   | 5 6 7 |  7.5
Invocations    | 1 2 3 4 5 6 |  6.0
Short Blades   | 1 2 3 5 |  5.5
Long Blades    | 1 2 3 5 |  5.5
Axes           | 1 2 3 5 |  5.5
Polearms       | 1 2 3 5 |  5.5
Staves         | 1 2 3 5 |  5.5
Ranged Weapons | 1 2 3 5 |  5.5
Throwing       | 1 2 3 5 |  5.5
Armour         | 1 2 3 5 |  5.5
Stealth        | 1 2 3 5 |  5.5
Shields        | 1 2 3 5 |  5.5
Unarmed Combat | 1 2 3 5 |  5.5
Evocations     | 1 2 3 5 |  5.5
Hexes          | 1 2 3 4 |  4.5
Summonings     | 1 2 3 4 |  4.5
Necromancy     | 1 2 3 4 |  4.5
Translocations | 1 2 3 4 |  4.5
Transmutations | 1 2 3 4 |  4.5
Fire Magic     | 1 2 3 4 |  4.5
Ice Magic      | 1 2 3 4 |  4.5
Air Magic      | 1 2 3 4 |  4.5
Earth Magic    | 1 2 3 4 |  4.5
Poison Magic   | 1 2 3 4 |  4.5
Fighting       | 5 6 7 |  7.2
Dodging        | 5 6 7 |  7.2
Maces & Flails | 7 8 |  8.6
Conjurations   | 6 7 |  7.2

Action                     |  1- 3 |  4- 6 |  7- 9 | 10-12 || total
---------------------------+-------+-------+-------+-------++-------
  Melee: Mace              |   129 |   448 |    35 |       ||   612
         Bite              |    10 |    53 |    39 |    22 ||   124
         Punch             |     2 |     5 |    11 |     5 ||    23
         Trident           |       |       |   499 |   157 ||   656
   Cast: Searing Ray       |       |     1 |     1 |       ||     2
         Hailstorm         |       |     1 |     1 |       ||     2
         Swiftness         |       |       |     2 |       ||     2
         Airstrike         |       |       |     1 |     4 ||     5
         Momentum Strike   |       |       |     1 |       ||     1
 Invoke: Curse Item        |       |       |     2 |       ||     2
  Evoke: Wand              |       |       |     3 |     4 ||     7
    Use: Scroll            |       |     4 |     5 |       ||     9
         Potion            |       |       |     3 |     4 ||     7
   Stab: Sleeping          |       |       |     5 |       ||     5
 Armour: Leather armour    |    34 |    15 |       |       ||    49
         Ring mail         |       |   172 |   160 |    58 ||   390
  Dodge: Dodged            |    64 |   283 |   255 |    95 ||   697
  Block: Other             |       |    85 |   127 |    27 ||   239
         Reflection        |       |     3 |     5 |     1 ||     9
